 Dungeon Crawl Stone Soup version 0.30-a0-779-g7971cf19c3 (webtiles) character file.

Game seed: 2481616040489610425

5 xian the Digger (level 1, -1/14 HPs)
             Began as a Draconian Earth Elementalist on Feb 17, 2023.
             Slain by a kobold
             ... wielding a +2 short sword of venom
              (5 damage)
             ... on level 1 of the Dungeon.
             The game lasted 00:00:30 (103 turns).

xian the Digger (Draconian Earth Elementalist)       Turns: 103, Time: 00:00:30

Health: -1/14      AC:  4    Str: 10    XL:     1   Next: 66%
Magic:  1/3        EV: 12    Int: 15    God:
Gold:   23         SH:  0    Dex: 11    Spells: 3/4 levels left

rFire   . . .      SeeInvis .    (no weapon)
rCold   . . .      Faith    .    (no shield)
rNeg    . . .      Spirit   .    (body armour unavailable)
rPois   .          Reflect  .    (helmet restricted)
rElec   .          Harm     .    (no cloak)
rCorr   .          Rampage  .    (no gloves)
Will    .....                    (no boots)
Stlth   ++                       (no amulet)
HPRegen 0.22/turn                (no ring)
MPRegen 0.08/turn                (no ring)

@: lethally poisoned (-1 -> -3)
A: AC +4, unfitting armour, cold-blooded
a: no special abilities


You were on level 1 of the Dungeon.
You visited 1 branch of the dungeon, and saw 1 of its levels.

You collected 23 gold pieces.

Inventory:

Armour
 b - a +0 kite shield
Potions
 a - a potion of magic
 c - a potion of lignification {unknown}


   Skills:
 + Level 1.7 Dodging
 + Level 1.7 Stealth
 + Level 2.2 Spellcasting
 + Level 1.0 Transmutations
 + Level 3.2 Earth Magic


You had 3 spell levels left.
You knew the following spells:

 Your Spells              Type           Power      Damage    Failure   Level
a - Sandblast             Erth           22%        2d7       6%          1

Your spell library contained the following spells:

 Spells                   Type           Power      Damage    Failure   Level
 Passwall                 Tmut/Erth      5%         N/A       14%         2
 Stone Arrow              Conj/Erth      12%        3d7       34%         3
 Petrify                  Tmut/Erth      7%         N/A       67%         4


Dungeon Overview and Level Annotations

Branches:
Dungeon (1/15)

Altars:


Innate Abilities, Weirdness & Mutations

Your plain brown scales are hard. (AC +4)
You cannot fit into any form of body armour.
You are cold-blooded and may be slowed by cold attacks.


Message History

A ball python and a rat come into view.
Found a stone staircase leading down.
A kobold comes into view.
It is wielding a +2 short sword of venom.
The ball python hisses angrily.
A kobold comes into view. It is wielding a +0 dagger.
The blast of sand hits the rat!
You kill the rat!
The kobold shouts!
You hear an angry hiss.
The blast of sand hits the ball python!
You kill the ball python!
The blast of sand hits the kobold.
The kobold is heavily wounded.
Unknown command.
You hit the kobold.
The kobold is severely wounded.
The kobold hits you with a +2 short sword of venom.
You are poisoned.
You hit the kobold but do no damage.
The kobold is severely wounded.
You feel very sick. The kobold closely misses you.
Unknown command.
The kobold attacks as you move away! The kobold hits you but does no damage.
You feel sick.
You barely miss the kobold.
The kobold is severely wounded.
You feel sick. The kobold misses you. The kobold hits you but does no damage.
You hit the kobold but do no damage.
You tail-slap the kobold, but do no damage.
The kobold is severely wounded.
You feel sick. The kobold misses you. The kobold barely misses you.
You miss the kobold.
The kobold is severely wounded.
You feel sick. The kobold hits you but does no damage.
The kobold barely misses you.
You barely miss the kobold.
The kobold is severely wounded.
You feel sick. The kobold barely misses you.
The kobold hits you with a +2 short sword of venom.
You die...

.......... #.......#
#.....†. ... ##.......
#... ........# ##...#
#......#### #..#.#
#........# ######>##..
#.....KK.####..........
#.....@................
#........##............
#.................)....
#........####..........
######.### ##.........
#.. #......... ###
#......... ##........
##.....##


You could see 2 kobolds.

Vanquished Creatures
  An endoplasm (D:1)
  A hobgoblin (D:1)
  A ball python (D:1)
  3 rats (D:1)
6 creatures vanquished.

Notes
Turn   | Place    | Note
-------+----------+-------------------------------------------
     0 | D:1      | xian the Draconian Earth Elementalist began the quest for
                  | the Orb.
     0 | D:1      | Reached XP level 1. HP: 14/14 MP: 3/3
   103 | D:1      | Slain by a kobold

Illustrated notes

Levels and vault maps discovered:
D:1:      scummos_arrival_gate, layout_rooms

Action                     || total
---------------------------++-------
  Melee: Unarmed           ||     6
         Tailslap          ||     1
   Cast: Sandblast         ||     7
 Armour: Skin              ||     3
  Dodge: Dodged            ||     6

Table legend: (Time is in decaauts)
 A = Elapsed time spent in this place.
 B = Non-inter-level travel time spent in this place.
 C = Inter-level travel time spent in this place.
 D = Time resting spent in this place.
 E = Time spent auto-exploring this place.
 F = Levels seen in this place.
 G = Mean time per level.
                   A        B        C        D        E       F      G
               +--------+--------+--------+--------+--------+-----+--------+
         Total |    106 |    106 |      0 |      0 |     58 |   1 |  106.0 |
       Dungeon |    106 |    106 |      0 |      0 |     58 |   1 |  106.0 |
               +--------+--------+--------+--------+--------+-----+--------+

Top non-repeatable levels by time:
     D:1: 106 daAuts
